 Dungeon Crawl Stone Soup version 0.27.1-33-g824d729ab1 (webtiles) character file.

Game seed: 9724148906035113980

45 Descartes the Ducker (level 3, -2/15 HPs)
             Began as a Felid Transmuter on Dec 9, 2021.
             Slain by an adder (3 damage)
             ... on level 2 of the Dungeon.
             The game lasted 00:02:43 (1800 turns).

Descartes the Ducker (Felid Transmuter)             Turns: 1800, Time: 00:02:44

Health: -2/15      AC:  1    Str:  7    XL:     3   Next: 42%
Magic:  7/7        EV: 18    Int: 14    God:
Gold:   48         SH:  0    Dex: 16    Spells: 5/6 levels left
                                        Lives:  0   Deaths: 0

rFire    . . .     SeeInvis +     - Unarmed
rCold    . . .     Faith    .   (shield unavailable)
rNeg     . . .     Spirit   .   (armour unavailable)
rPois    .         Reflect  .   (helmet unavailable)
rElec    .         Harm     .   (cloak unavailable)
rCorr    .         Rampage  .   (gloves unavailable)
Will     +....                  (boots unavailable)
Stlth    ++........             (no amulet)
HPRegen  0.05/turn              a - ring of willpower
MPRegen  0.10/turn              (no ring)

@: lethally poisoned (-2 -> -6), appendages (expiring), quick
A: horns 2, very small, claws 1, fangs 3, see invisible, speed 1, shaggy fur 1,
stealthy paws, no weapons or thrown items, no armour, multi-lived
a: End Transformation


You were on level 2 of the Dungeon.
You had temporarily grown beastly horns.
You visited 1 branch of the dungeon, and saw 2 of its levels.

You collected 48 gold pieces.

Inventory:

Missiles
 d - 72 stones
Jewellery
 a - a ring of willpower (left paw)
Scrolls
 f - 2 scrolls of identify {unknown}
 g - a scroll of holy word {unknown}
Potions
 b - a potion of heal wounds {unknown}
 c - a potion of haste {unknown}
 e - a potion of resistance {unknown}


   Skills:
 - Level 1.0 Fighting
 + Level 3.4 Dodging
 + Level 2.1 Stealth
 + Level 3.4 Unarmed Combat
 - Level 2.0 Spellcasting
 + Level 2.8 Transmutations


You had 5 spell levels left.
You knew the following spells:

 Your Spells              Type           Power      Damage    Failure   Level
a - Beastly Appendage     Tmut           18%        N/A       8%          1

Your spell library contained the following spells:

 Spells                   Type           Power      Damage    Failure   Level
 Wereblood                Tmut           9%         N/A       11%         2
 Spider Form              Tmut/Pois      2%         N/A       36%         3
 Ice Form                 Ice/Tmut       5%         N/A       78%         4


Dungeon Overview and Level Annotations

Branches:
Dungeon (2/15)

Altars:

Annotations:
D:2 Robin


Innate Abilities, Weirdness & Mutations

You have temporarily grown beastly horns.
You have sharp claws.
You have razor-sharp teeth.
You have supernaturally acute eyesight. (SInv)
You cover ground quickly. (Speed+)
You are covered in fur. (AC +1)
Your paws help you pounce on unaware monsters.
You are incapable of wielding weapons or throwing items.
You cannot wear armour.
You gain extra lives every three experience levels.


Message History

The goblin wields a +0 hunting sling.
The goblin shoots a sling bullet.
The sling bullet barely misses you.
The helpless goblin fails to defend itself.
You mangle the goblin!!
You kill the goblin!
The goblin shoots a sling bullet.
The sling bullet misses you.
The goblin shoots a sling bullet.
The sling bullet completely misses you.
You see here a +0 leather armour.
You scratch the adder but do no damage.
A giant cockroach comes into view.
The adder barely misses you. The goblin closely misses you.
You closely miss the adder. Your headbutt misses the adder.
The rat bites you but does no damage. The adder bites you.
The goblin hits you with a +0 club.
You miss the adder. The adder bites you but does no damage. The rat misses you.
The goblin shoots a sling bullet.
The sling bullet hits you!
* * * LOW HITPOINT WARNING * * *
You are too injured to fight recklessly!
Unknown command.
The goblin completely misses you. The rat misses you.
You closely miss the adder. You bite the adder, but do no damage.
The adder closely misses you.
You scratch the adder. Your claw misses the adder.
The adder is heavily wounded.
Your transformation is almost over.
The adder completely misses you. The adder barely misses you.
You scratch the adder.
The adder is severely wounded.
The adder misses you.
You miss the adder.
The adder is severely wounded.
The adder bites you.
* * * LOW HITPOINT WARNING * * *
You are lethally poisoned!
The adder poisons you!
You scratch the adder.
The adder is almost dead.
* * * LOW HITPOINT WARNING * * *
You feel sick. The adder bites you.
You die...

## ###$... #####
'. .#...# .....
#. ....# ...
##### #..
##)⌠.## .#...
#..##[.!..##....
#..#B.g#...#..#
#....## ...#
##!.#####..#
##BrS@...######
#.g###........
##...##.#######
#.....#.#
##...##.#
##.###.#
#.#####.###.##
#............#
#######.###.##


You could see an adder, a giant cockroach, a goblin and a rat.

Vanquished Creatures
  An adder (D:2)
  3 dart slugs
  3 endoplasms
  6 goblins
  A hobgoblin (D:1)
  A kobold (D:1)
  A quokka (D:1)
  4 ball pythons
  A bat (D:1)
  2 frilled lizards
  7 rats
30 creatures vanquished.

Notes
Turn   | Place    | Note
-------+----------+-------------------------------------------
     0 | D:1      | Descartes the Felid Transmuter began the quest for the Orb.
     0 | D:1      | Reached XP level 1. HP: 9/9 MP: 4/4
   123 | D:1      | Reached skill level 1 in Stealth
   123 | D:1      | Reached XP level 2. HP: 5/12 MP: 6/6
  1024 | D:2      | Reached XP level 3. HP: 12/15 MP: 5/7
  1218 | D:2      | Noticed Robin
  1800 | D:2      | Slain by an adder

Illustrated notes

Levels and vault maps discovered:
D:1:      dpeg_arrival_ratfight, layout_basic, minmay_quantized
D:2:      layout_loops_corners, hellmonk_ecumenical_altar_the_god_not_taken,
          minmay_circle_x, uniq_robin

Skill      XL: |  1  2  3 |
---------------+----------+-----
Dodging        | 3 |  3.4
Stealth        | 1 2 |  2.1
Fighting       | |  1.0
Unarmed Combat | |  3.4
Spellcasting   | |  2.0
Transmutations | |  2.8

Action                   || total
-------------------------++-------
Melee: Unarmed           ||    71
       Headbutt          ||     6
       Bite              ||     5
 Cast: Beastly Appendage ||    22
 Stab: Sleeping          ||     2
Armor: Skin              ||     5
Dodge: Dodged            ||    60
